 Dungeon Crawl Stone Soup version 0.31.0-12-g77e489cdc1 (webtiles) character file.

Game seed: 6420868403949538682

19 UttericTaro the Trooper (level 2, 27/27 HPs)
             Began as a Minotaur Fighter on Feb 12, 2024.
             Was a Follower of Sif Muna.
             Quit the game on level 2 of the Dungeon.
             The game lasted 00:01:18 (331 turns).

UttericTaro the Trooper (Minotaur Fighter)           Turns: 331, Time: 00:01:19

Health: 27/27      AC:  7    Str: 20    XL:     2   Next: 55%
Magic:  1/1        EV:  9    Int:  5    God:    Sif Muna [*.....]
Gold:   84         SH:  4    Dex:  9    Spells: 1/1 levels left

rFire   . . .        a - +0 war axe
rCold   . . .        c - +0 buckler
rNeg    . . .        b - +0 scale mail
rPois   .            (helmet restricted)
rElec   .            (no cloak)
rCorr   .            (no gloves)
SInv    .            (no boots)
Will    .....        (no amulet) Stlth
                     (no ring)
HPRegen 0.24/turn    (no ring)
MPRegen 0.07/turn

%: no passive effects
@: no status effects
A: horns 2, retaliatory headbutt
a: Renounce Religion, Channel Magic


You were on level 2 of the Dungeon.
You worshipped Sif Muna.
Sif Muna was aware of your devotion.
You visited 1 branch of the dungeon, and saw 2 of its levels.

You collected 84 gold pieces.

Inventory:

Hand Weapons
 a - a +0 war axe (weapon)
Armour
 b - a +0 scale mail (worn)
 c - a +0 buckler (worn)
Potions
 d - a potion of might


   Skills:
 * Level 4.0 Fighting
 * Level 2.6 Axes
 * Level 4.0 Armour
 * Level 0.3 Dodging
 * Level 0.1 Stealth
 * Level 3.8 Shields


You had one spell level left.
You didn't know any spells.
Your spell library was empty.

Dungeon Overview and Level Annotations

Branches:
Dungeon (2/15)

Altars:
Sif Muna
Xom


Innate Abilities, Weirdness & Mutations

You have a pair of horns on your head.
You reflexively headbutt those who attack you in melee.


Message History

There is an open door here.
You now have 54 gold pieces (gained 15).
Found 6 stones and 18 gold pieces.
You now have 72 gold pieces (gained 18).
Found a robe.
Found an escape hatch in the ceiling.
You see here 6 stones.
Found a shimmering altar of Xom.
A kobold comes into view. It is wielding a +0 short sword.
The kobold shouts!
You hear a shout!
A kobold comes into view. It is wielding a +0 club.
The kobold shouts!
The kobold barely misses you. You furiously retaliate!
You headbutt the kobold!
You kill the kobold!
Found a stone staircase leading down.
The kobold hits you but does no damage.
You barely miss the kobold. The kobold hits you with a +0 club.
You barely miss the kobold. You headbutt the kobold.
You kill the kobold!
Your Armour skill increases to level 4!
You see here a +0 club.
Things that are here:
a +0 short sword; 2 stones You now have 84 gold pieces (gained 12).
There is a shimmering altar of Xom here.
Press: ? - help, v - describe, . - travel A shimmering altar of Xom.
There is a shimmering altar of Xom here.
You kneel at the altar of Xom.
Xom welcomes you!
Found a faded altar of an unknown god.
There is an open door here.
There is a faded altar of an unknown god here.
This altar belongs to (a) Okawaru, (b) Cheibriados or (c) Sif Muna, but you can't tell which.
Press the corresponding letter to learn more about a god, or press enter to convert or escape to cancel.
Sif Muna accepts your prayer!
You have lost your religion!
Xom does not appreciate desertion!
Sif Muna welcomes you!
You can now call upon Sif Muna for magical energy.
There is an open door here.
Are you sure you want to abandon this character and quit the game? (Confirm with "yes".)

......####.....# #####
...... ###...#.# ##...#
...... #.......###....#
#...........#..#
..........###..###
.###..#####♣.....#####
...###♣...........8.###
....
♣..............P..# ..#
####@########.##### ..
#.8.....##♣8....♣#
#♣......##..P....#
#..._.8♣##..P....#
###...## ###P⌠.###
##### #####


There were no monsters in sight!

Vanquished Creatures
  A ribbon worm (D:2)
  2 ball pythons
  A bat (D:1)
  2 giant cockroaches (D:1)
  2 goblins
  2 hobgoblins (D:1)
  A frilled lizard (D:1)
  3 kobolds
  A rat (D:2)
15 creatures vanquished.

Notes
Turn   | Place    | Note
-------+----------+-------------------------------------------
     0 | D:1      | UttericTaro the Minotaur Fighter began the quest for the
                  | Orb.
     0 | D:1      | Reached XP level 1. HP: 19/19 MP: 0/0
   101 | D:1      | Reached XP level 2. HP: 27/27 MP: 1/1
   263 | D:2      | Found a shimmering altar of Xom.
   285 | D:2      | Became a worshipper of Xom of Chaos
   321 | D:2      | Found a faded altar of an unknown god.
   327 | D:2      | Prayed at the altar of an unknown god.
   327 | D:2      | Fell from the grace of Xom
   327 | D:2      | Became a worshipper of Sif Muna the Loreminder
   327 | D:2      | Reached * piety under Sif Muna
   331 | D:2      | Quit the game

Illustrated notes

Levels and vault maps discovered:
D:1:      lemuel_arrival_tunnels, layout_basic
D:2:      layout_basic, chequers_ecumenical_altar_lobes, basic_altar

Skill      XL: |  1  2 |
---------------+-------+-----
Fighting       | 4 |  4.0
Armour         | 4 |  4.0
Axes           | |  2.6
Dodging        | |  0.3
Stealth        | |  0.1
Shields        | |  3.8

Action                     || total
---------------------------++-------
  Melee: War axe           ||    26
         Headbutt          ||     3
 Armour: Scale mail        ||    25
  Dodge: Dodged            ||    17
  Block: Buckler           ||    11
